 Dungeon Crawl Stone Soup version 0.17-a0-1646-geb1493d (webtiles) character file.

91 Harvey99999 the Skirmisher (level 4, -4/29 HPs)
             Began as a Gargoyle Fighter on Aug 9, 2015.
             Was a Follower of Fedhas.
             Killed from afar by an orc wizard (8 damage)
             ... with a magic dart
             ... on level 3 of the Dungeon.
             The game lasted 00:10:12 (2163 turns).

Harvey99999 the Skirmisher (Gargoyle Fighter)       Turns: 2163, Time: 00:10:12

Health: -4/29      AC: 11    Str: 20    XL:     4   Next: 59%
Magic:  4/4        EV:  7    Int:  9    God:    Fedhas [*.....]
Gold:   103        SH:  9    Dex:  9    Spells: 0 memorised, 3 levels left

rFire  . . .     SeeInvis .     a - +0 long sword
rCold  . . .     Clarity  .     b - +0 scale mail
rNeg   + . .     SustAt   +     c - +0 shield
rPois  ∞         Gourm    .     (no helmet)
rElec  +         Spirit   .     (no cloak)
rCorr  .         Warding  .     o - +0 pair of gloves
rMut   .         Stasis   .     (no boots)
MR     .....                    (no amulet)
Stlth  ..........               (no ring)
                                n - ring of sustain attributes

@: flying, not resistant to hostile enchantments, extremely unstealthy
A: negative energy resistance 1, electricity resistance, unbreathing,
petrification resistance, rot immunity, AC +3
a: Evolution, Renounce Religion


You were on level 3 of the Dungeon.
You worshipped Fedhas.
Fedhas was aware of your devotion.
You were not hungry.

You visited 1 branch of the dungeon, and saw 3 of its levels.

You collected 103 gold pieces.

Inventory:

Hand weapons
 a - a +0 long sword (weapon)
Missiles
 q - 7 javelins of returning (quivered)
 r - 3 tomahawks
Armour
 b - a +0 scale mail (worn)
 c - a +0 shield (worn)
 o - a +0 pair of gloves (worn)
Jewellery
 n - a ring of sustain attributes (left hand)
Scrolls
 h - a scroll of fear {unknown}
 j - a scroll of fog {unknown}
 m - 2 scrolls of teleportation {unknown}
 p - 2 scrolls of identify {unknown}
 s - a scroll of immolation {unknown}
Potions
 d - 2 potions of might
 e - a potion of haste {unknown}
 i - a potion of agility {unknown}
 k - a potion of cancellation {unknown}
 l - a potion of curing {unknown}
 t - a potion of flight
 v - a potion of heal wounds {unknown}
Comestibles
 f - a royal jelly
 g - 3 chunks of flesh
 u - a meat ration
 w - a fruit


   Skills:
 + Level 4.0 Fighting
 + Level 2.4 Long Blades
 + Level 4.0 Armour
 + Level 1.0 Dodging
 + Level 3.8 Shields


You had 3 spell levels left.
You didn't know any spells.

Dungeon Overview and Level Annotations

Branches:
Dungeon (3/15)

Altars:
Fedhas

Annotations:
D:3 Grinder


Innate Abilities, Weirdness & Mutations

You are resistant to torment.
Your stone body is resilient (AC +3).
You are immune to poison.
You resist negative energy.
You are resistant to electric shocks.
You can survive without breathing.
You are immune to petrification.
You are immune to rotting.


Message History

Your scale mail prevents you from hitting the orc wizard.
The orc hits you but does no damage. The orc wizard hits you with a dagger.
You closely miss the orc wizard. You block the orc wizard's attack.
The orc closely misses you.
You hit the orc wizard.
The orc wizard is lightly wounded.
The orc wizard casts a spell.
The orc wizard seems to speed up.
The orc hits you but does no damage.
The orc wizard casts a spell.
The orc wizard blinks!
You see here a whip.
The orc wizard mumbles some strange words.
The orc wizard blinks!
The orc wizard casts a spell at you. The magic dart hits you!
* * * LOW HITPOINT WARNING * * *
The orc wizard points at you and mumbles some strange words.
The magic dart hits you!
You die...
Fedhas appreciates your contribution to the ecosystem.

#.....##.#
##..#..##.#
#..#_#....#
##...#...### #
#.......#)######## #
#.#....#####....(...
.#.##.#o#.##
##.########
...........###.##
.......@##..#.##
###.#.#......## ..
#.##o#### #.
#....)..#
#.....##.##o#
.###.##.##)#
#.##..#o# #.###.#b#
#. .#.#


You could see an orc priest, an orc wizard and an orc.

Vanquished Creatures
  2 adders (D:2)
  An ooze (D:2)
  4 worms (D:2)
  4 giant geckos
  2 orcs (D:3)
  2 ball pythons (D:2)
  4 hobgoblins
  A quokka (D:2)
  8 bats
  3 giant cockroaches
  3 giant newts
  6 goblins
  3 jackals (D:3)
  4 kobolds
  11 rats
58 creatures vanquished.

Notes
Turn   | Place    | Note
--------------------------------------------------------------
     0 | D:1      | Harvey99999 the Gargoyle Fighter began the quest for the Orb.
     0 | D:1      | Reached XP level 1. HP: 14/14 MP: 1/1
   178 | D:1      | Reached XP level 2. HP: 16/20 MP: 2/2
   805 | D:2      | Reached XP level 3. HP: 24/24 MP: 3/3
  1069 | D:2      | Reached XP level 4. HP: 25/29 MP: 4/4
  1279 | D:2      | Reached skill level 1 in Dodging
  1492 | D:3      | Noticed Grinder
  1918 | D:3      | Reached skill level 4 in Fighting
  2055 | D:3      | Found a faded altar to an unknown god.
  2064 | D:3      | Became a worshipper of Fedhas Madash
  2064 | D:3      | Acquired Fedhas's first power
  2163 | D:3      | Killed from afar by an orc wizard

Vault maps used:
D:1:      dpeg_arrival_ratfight
D:3:      ecumenical_altar_1, kennysheep_generic_room_5, uniq_grinder

Action                   |  1- 3 |  4- 6 || total
-------------------------+-------+-------++-------
Melee: Long sword        |   130 |   125 ||   255
  Use: Potion            |       |     1 ||     1
  Eat: Chunk             |     1 |     1 ||     2
       Bread ration      |       |     1 ||     1
